 Dungeon Crawl Stone Soup version 0.29-a0-266-gf56f883ddd (webtiles) character file.

Game seed: 11158863259828559579

6615 spaghetti the Grappler (level 10, -2/70 HPs)
             Began as a Demonspawn Berserker on Mar 6, 2022.
             Was a Priest of Trog.
             Killed by divine providence
             ... invoked by an orc priest
              (14 damage)
             ... on level 9 of the Dungeon.
             The game lasted 00:18:19 (11352 turns).

spaghetti the Grappler (Demonspawn Berserker)      Turns: 11352, Time: 00:18:19

Health: -2/70      AC: 15    Str: 19    XL:     10   Next: 72%
Magic:  10/10      EV:  8    Int: 11    God:    Trog [***...]
Gold:   386        SH:  0    Dex: 11    Spells: 9/9 levels left

rFire   . . .      SeeInvis .     - Unarmed
rCold   . . .      Faith    .   (no shield)
rNeg    . . .      Spirit   .   g - +0 plate armour
rPois   .          Reflect  .   (helmet restricted)
rElec   .          Harm     .   (no cloak)
rCorr   .          Rampage  .   z - +0 pair of gloves
Will    ++...                   v - +0 pair of boots
Stlth   ..........              (no amulet)
HPRegen 1.21/turn               (no ring)
MPRegen 0.12/turn               (no ring)

@: lethally poisoned (-2 -> -6), strong-willed, on berserk cooldown,
regenerating, slowed, very slow
A: antennae 2, yellow scales 2, ignite blood 2, powered by pain 1, clumsy 1,
deformed body, screaming 1, sturdy frame 1
a: Renounce Religion, Berserk, Trog's Hand


You were on level 9 of the Dungeon.
You worshipped Trog.
Trog was most pleased with you.
You visited 1 branch of the dungeon, and saw 9 of its levels.

You collected 386 gold pieces.


Innate Abilities, Weirdness & Mutations

You have a pair of antennae on your head.
You are mostly covered in yellow scales. (AC +3)
Your demonic aura often causes spilled blood to erupt in flames.
You sometimes gain a little power by taking damage.
You are clumsy. (Dex -2)
Armour fits poorly on your strangely shaped body.
You occasionally shout uncontrollably at your foes.
Your movements are slightly less encumbered by armour. (ER -2)


   Skills:
 - Level 3.0 Fighting
 + Level 10.7 Armour
 - Level 1.7 Dodging
 + Level 11.2 Unarmed Combat


You had 9 spell levels left.
You didn't know any spells.
Your spell library contained the following spells:

 Spells                   Type           Power      Damage    Failure   Level
 Animate Skeleton         Necr           0%         N/A       98%         1
 Apportation              Tloc           0%         N/A       98%         1
 Beastly Appendage        Tmut           0%         N/A       98%         1
 Summon Small Mammal      Summ           0%         N/A       98%         1
 Wereblood                Tmut           0%         N/A       99%         2
 Conjure Flame            Conj/Fire      0%         6-21      100%        3
 Dazzling Flash           Conj/Hex       0%         N/A       100%        3
 Gell's Gravitas          Tloc           0%         N/A       100%        3
 Ignite Poison            Fire/Tmut/Pois 0%         N/A       100%        3
 Lesser Beckoning         Tloc           0%         N/A       100%        3
 Spider Form              Tmut/Pois      0%         N/A       100%        3
 Stone Arrow              Conj/Erth      0%         3d7       100%        3
 Teleport Other           Tloc           0%         N/A       100%        3
 Animate Armour           Summ/Erth      0%         N/A       100%        4
 Iskenderun's Mystic Bla  Conj/Tloc      0%         2d3       100%        4
 Sticky Flame             Conj/Fire      0%         2d3       100%        4
 Conjure Ball Lightning   Conj/Air       0%         3x3d6     100%        6
 Starburst                Conj/Fire      0%         6d3       100%        6
 Discord                  Hex            0%         N/A       100%        8
 Disjunction              Tloc           0%         N/A       100%        8
 Lehudib's Crystal Spear  Conj/Erth      0%         10d2      100%        8

Inventory:

Missiles
 b - 172 stones (quivered) {throwing}
 l - 16 boomerangs {throwing}
 m - 3 silver boomerangs {throwing}
 n - 19 poisoned darts {throwing}
Armour
 g - a +0 plate armour (worn)
   (You found it on level 1 of the Dungeon)
 h - a +0 tower shield
   (You found it on level 2 of the Dungeon)
 v - a +0 pair of boots (worn)
   (You found it on level 7 of the Dungeon)
 z - a +0 pair of gloves (worn)
   (You found it on level 8 of the Dungeon)
Magical Staves
 r - a staff of death {forbidden!astaff}
   (You found it on level 6 of the Dungeon)
 w - a staff of death {forbidden!astaff}
   (You found it on level 5 of the Dungeon)
 A - a staff of cold {forbidden!astaff}
   (You found it on level 7 of the Dungeon)
Jewellery
 q - a ring of ice
   (You took it off an orc wizard on level 3 of the Dungeon)
 x - a ring of magical power
   (You found it on level 5 of the Dungeon)
Wands
 s - a wand of flame (22)
   (You took it off Robin on level 4 of the Dungeon)
 t - a wand of paralysis (2)
   (You took it off Ijyb on level 4 of the Dungeon)
 D - a wand of charming (7)
   (You took it off an orc wizard on level 7 of the Dungeon)
 F - a wand of mindburst (9)
   (You found it on level 9 of the Dungeon)
Scrolls
 a - 2 scrolls of magic mapping {!r}
 c - a scroll of silence {!r}
 e - 2 scrolls of vulnerability {!r!r}
 f - 4 scrolls of teleportation {@r4}
 j - 5 scrolls of enchant armour
 k - a scroll of immolation {!r!r}
 o - a scroll of fog
 y - a scroll of amnesia
 B - a scroll of blinking {!r}
 E - a scroll of brand weapon
 H - a scroll of fear
Potions
 d - a potion of magic
 i - 2 potions of curing {@q1}
 p - a potion of flight
 u - a potion of might
 C - a potion of lignification {!q}

Dungeon Overview and Level Annotations

Branches:
Dungeon (9/15)             Temple (0/1) D:4
   Lair: D:8-11         Orc: D:9-12

Altars:
Ashenzari
Dithmenos
Ru
Sif Muna
Vehumet

Shops:
D:6 =   D:8 ?

Annotations:
D:3 2 exclusions

#.# #.# #..># #.#
#.# #.# ##.## #..
#.# #.# #.# ### ###
# ## ### #.# #8
##.###8## #.#
...#...#...## #.#
............## #.#
.......°o)...# #.#
......○o@).).###.##
...#...#)).#.##...##
##8###8##.......# ##
#######...## #..##
#.## #.# #.# ...


You could see an orc warrior and an orc priest.


Message History

You kill the orc warrior!
Trog accepts your kill. The orc hits you with a +0 flail.
* * * LOW HITPOINT WARNING * * *
😨 HP[-6]
You take 6 damage, and now have 46/105 hp.
You hit the orc. 😨 HP[+1]
You hit the orc.
You kill the orc!
Trog accepts your kill.
An orc priest comes into view. It is wielding a +0 dagger.
The orc is engulfed in blazing flames.
You kill the orc!
Trog accepts your kill.
You are no longer berserk.
You are exhausted.
You feel yourself slow down.
The orc priest shouts!
You hear a shout! x2
An orc warrior comes into view. It is wielding a +0 flail.
An orc comes into view. It is wielding a +0 dagger.
You see here a +0 dagger {short}. 😨 HP[-16]
You now have 70 max hp (-35).
The orc shouts!
You punch the orc warrior!
You hear a shout!
An orc wizard comes into view. It is wielding a +0 dagger.
The orc priest calls down the wrath of Beogh upon you.
Beogh smites you!
* * * LOW HITPOINT WARNING * * *
The orc warrior is engulfed in blazing flames.
You kill the orc warrior!
Trog accepts your kill. 😨 HP[-13]
You take 13 damage, and now have 18/70 hp.
Aiming: Charm
Press: ? - help, Shift-Dir - straight line, f - orc priest
Aim: an orc priest, wielding a +0 dagger and wearing a +0 ring mail (chance to affect: 49%)
The orc priest resists with some effort. 😨 HP[+1]
Aiming: Charm
Press: ? - help, Shift-Dir - straight line, f/p - orc priest
Aim: an orc priest, wielding a +0 dagger and wearing a +0 ring mail (chance to affect: 49%)
The orc priest is charmed.
An orc priest comes into view. It is wielding a +0 dagger of venom.
The orc warrior hits your orc priest with a +0 flail!
Your orc priest looks encouraged for a moment.
The orc hits your orc priest but does no damage.
You swap places.
The orc wizard casts a spell.
The orc wizard flickers and vanishes!
Deactivating autopickup; reactivate with Ctrl-A.
The orc warrior hits you with a +0 flail.
* * * LOW HITPOINT WARNING * * *
Your orc priest miscasts a cantrip.
Your orc priest hits the orc with a +0 dagger.
The orc warrior barely misses you.
The orc is engulfed in blazing flames.
You kill the orc!
Trog accepts your kill. 😱 HP[-3]
You take 3 damage, and now have 16/70 hp.
You miss something.
The orc warrior hits you with a +0 flail!
* * * LOW HITPOINT WARNING * * *
You hear some strange, mumbled words.
Something tries to affect you, but you resist. 😱 HP[-7]
You take 7 damage, and now have 9/70 hp.
Unknown command.
You hit something. You punch something.
The orc warrior hits you with a +0 flail.
* * * LOW HITPOINT WARNING * * *
Something hits you but does no damage. 😱 HP[-6]
You take 6 damage, and now have 3/70 hp.
Unknown command.
You swap places.
The orc warrior attacks as you move away!
The orc warrior hits you but does no damage.
Your orc priest is engulfed in blazing flames.
Trog accepts your kill.
Trog appreciates your killing of a magic user.
Reactivating autopickup.
You feel a bit more experienced.
The orc warrior barely misses your orc priest.
Your orc priest is engulfed in blazing flames.
You kill your orc priest!
Trog accepts your kill.
You feel better. 😱 HP[+7]
You regained 7 hp, and now have 10/70 hp.
Your skin crawls.
You feel strong-willed.
The orc priest hits you but does no damage.
You are poisoned.
The orc warrior hits you but does no damage.
The orc priest mumbles some strange prayers to Beogh against you.
Beogh smites you!
You die...

Skill      XL: |  1  2  3  4  5  6  7  8  9 10 |
---------------+-------------------------------+-----
Unarmed Combat | 3 4 5 6 8 10 11 | 11.2
Armour         | 2 3 4 5 7 9 10 | 10.7
Fighting       | |  3.0
Dodging        | |  1.7

Action                   |  1- 3 |  4- 6 |  7- 9 | 10-12 || total
-------------------------+-------+-------+-------+-------++-------
Melee: Unarmed           |   166 |   130 |   463 |   100 ||   859
       Punch             |     2 |     2 |    21 |     2 ||    27
       Kick              |     1 |     6 |       |       ||     7
Throw: Stone             |     9 |       |       |       ||     9
Invok: Berserk           |     6 |     4 |    19 |     6 ||    35
       Trog's Hand       |     1 |       |     2 |     3 ||     6
Evoke: Wand              |       |       |       |     3 ||     3
  Use: Potion            |     1 |     5 |     4 |     5 ||    15
       Scroll            |     1 |     3 |     9 |     3 ||    16
 Stab: Invisible         |       |       |       |     2 ||     2
Armor: Animal skin       |    13 |       |       |       ||    13
       Plate armour      |    48 |    85 |   249 |    76 ||   458
       Skin              |       |       |    11 |    15 ||    26
Dodge: Dodged            |    69 |    43 |   120 |    38 ||   270

Levels and vault maps discovered:
D:1:      dpeg_arrival_round_c, layout_loops_ring
D:2:      minmay_angry_zag, layout_rooms, uniq_natasha, uniq_terence
D:3:      layout_basic, lemuel_tele_altar, demons_altar, basic_ecumenical_altar,
          uniq_pargi
D:4:      layout_basic, minmay_temple_entry_ruins, portal_sewer_entry_e,
          uniq_sigmund, uniq_ijyb, uniq_robin
D:5:      layout_cave_pods, serial_bayou, serial_bayou_shore_a,
          serial_bayou_crossing, serial_bayou_pond_d, serial_bayou_ford_a
D:6:      layout_loops_ring, kennysheep_mini, minitemple, serial_shops,
          nicolae_square_shop, lightli_ossuary_entry_decrepit_ruins,
          nrook_mini_backslash, st_stairs_9
D:7:      layout_basic, lemuel_blue_sif_altar, enter_bailey_6, minmay_nine_imps
D:8:      layout_basic, serial_shops, kennysheep_little_box, uniq_psyche,
          uniq_prince_ribbit1
D:9:      layout_loops_ring, david_orc_4, uniq_joseph, uniq_maurice

Notes
Turn   | Place    | Note
-------+----------+-------------------------------------------
     0 | D:1      | spaghetti the Demonspawn Berserker began the quest for the
                  | Orb.
     0 | D:1      | Reached XP level 1. HP: 18/18 MP: 1/1
     0 | D:1      | magus.rc [v1.9.6]
    53 | D:1      | Reached skill level 3 in Unarmed Combat
   174 | D:1      | Gained mutation: You sometimes gain a little power by
                  | taking damage. [demonic ancestry]
   174 | D:1      | Reached XP level 2. HP: 10/24 MP: 2/2
   459 | D:1      | HP: 7/36 [kobold/+0 club (4)]
   911 | D:1      | HP: 6/24 [kobold/+0 club (4)]
   915 | D:1      | Gained mutation: You have a pair of small antennae on your
                  | head. [demonic ancestry]
   915 | D:1      | Reached XP level 3. HP: 8/29 MP: 3/3
  1561 | D:2      | Reached skill level 2 in Armour
  1571 | D:2      | Reached skill level 4 in Unarmed Combat
  1968 | D:2      | Reached ** piety under Trog
  2022 | D:2      | Noticed Terence
  2024 | D:2      | Noticed Natasha
  2026 | D:2      | Gained mutation: You are frail. (-10% HP) [potion of
                  | mutation]
  2026 | D:2      | Gained mutation: You are very frail. (-20% HP) [potion of
                  | mutation]
  2026 | D:2      | Gained mutation: You have sharp toenails. [potion of
                  | mutation]
  2030 | D:2      | Killed Terence
  2031 | D:2      | Gained mutation: Your demonic aura sometimes causes spilled
                  | blood to erupt in flames. [demonic ancestry]
  2031 | D:2      | Reached XP level 4. HP: 28/28 MP: 4/4
  2036 | D:2      | Killed Natasha
  2103 | D:2      | You pick up a book of Spectacle {forbidden} and begin
                  | reading...
  2103 | D:2      | You add the spells Dazzling Flash, Iskenderun's Mystic
                  | Blast and Starburst to your library.
  2121 | D:2      | Reached skill level 3 in Armour
  2128 | D:2      | Gained mutation: You have a pair of antennae on your head.
                  | [demonic ancestry]
  2128 | D:2      | Reached XP level 5. HP: 30/32 MP: 5/5
  2251 | D:2      | Noticed Natasha
  2261 | D:2      | Killed Natasha
  2549 | D:3      | Noticed Pargi
  2566 | D:3      | Killed Pargi
  2567 | D:3      | Reached skill level 5 in Unarmed Combat
  2567 | D:3      | Gained mutation: You are partially covered in yellow
                  | scales. (AC +2) [demonic ancestry]
  2567 | D:3      | Reached XP level 6. HP: 37/37 MP: 6/6
  2781 | D:3      | You pick up a book of Chaos {forbidden} and begin
                  | reading...
  2781 | D:3      | You add the spells Conjure Ball Lightning, Disjunction and
                  | Discord to your library.
  2812 | D:3      | Reached skill level 4 in Armour
  3105 | D:3      | Lost mutation: You are very frail. (-20% HP) [potion of
                  | mutation]
  3105 | D:3      | Lost mutation: You have sharp toenails. [potion of
                  | mutation]
  3105 | D:3      | Gained mutation: You occasionally shout uncontrollably at
                  | your foes. [potion of mutation]
  3105 | D:3      | Gained mutation: You are clumsy. (Dex -2) [potion of
                  | mutation]
  3105 | D:3      | Gained mutation: You possess an exceptional clarity of
                  | mind. [potion of mutation]
  3212 | D:3      | Reached XP level 7. HP: 40/46 MP: 7/7
  3337 | D:3      | Found a shadowy altar of Dithmenos.
  3412 | D:3      | Found a faded altar of an unknown god.
  3780 | D:4      | Noticed Sigmund
  3795 | D:4      | Killed Sigmund
  3796 | D:4      | Reached skill level 5 in Armour
  3796 | D:4      | Reached skill level 6 in Unarmed Combat
  3887 | D:4      | Lost mutation: You are frail. (-10% HP) [potion of
                  | mutation]
  3887 | D:4      | Lost mutation: You possess an exceptional clarity of mind.
                  | [potion of mutation]
  3887 | D:4      | Gained mutation: Your movements are slightly less
                  | encumbered by armour. (ER -2) [potion of mutation]
  3887 | D:4      | Gained mutation: Armour fits poorly on your strangely
                  | shaped body. [potion of mutation]
  4398 | D:4      | Gained mutation: You are mostly covered in yellow scales.
                  | (AC +3) [demonic ancestry]
  4398 | D:4      | Reached XP level 8. HP: 58/58 MP: 8/8
  4529 | D:4      | Reached skill level 6 in Armour
  4529 | D:4      | Reached skill level 7 in Unarmed Combat
  4788 | D:4      | Found a staircase to the Ecumenical Temple.
  4890 | D:4      | Reached *** piety under Trog
  5131 | D:4      | You add the spells Conjure Flame, Ignite Poison and Sticky
                  | Flame to your library.
  5171 | D:4      | Noticed Robin
  5189 | D:4      | Killed Robin
  5270 | D:4      | Noticed Ijyb
  5283 | D:4      | Killed Ijyb
  5531 | D:5      | Entered Level 5 of the Dungeon
  6122 | D:5      | Reached skill level 7 in Armour
  6215 | D:5      | Reached skill level 8 in Unarmed Combat
  6563 | D:5      | You pick up a book of Cantrips {forbidden} and begin
                  | reading...
  6563 | D:5      | You add the spells Animate Skeleton, Summon Small Mammal
                  | and Apportation to your library.
  6943 | D:5      | Gained mutation: Your demonic aura often causes spilled
                  | blood to erupt in flames. [demonic ancestry]
  6943 | D:5      | Reached XP level 9. HP: 57/63 MP: 9/9
  7185 | D:6      | You pick up a book of Displacement {forbidden} and begin
                  | reading...
  7185 | D:6      | You add the spells Lesser Beckoning, Gell's Gravitas and
                  | Teleport Other to your library.
  7544 | D:6      | Reached skill level 8 in Armour
  7902 | D:6      | Found Jiusoll's Jewellery Shoppe.
  7914 | D:6      | Found a sacrificial altar of Ru.
  8062 | D:6      | You pick up a book of Armaments {forbidden} and begin
                  | reading...
  8062 | D:6      | You add the spells Stone Arrow, Animate Armour and
                  | Lehudib's Crystal Spear to your library.
  8074 | D:6      | Found a broken altar of Ashenzari.
  8074 | D:6      | Found a radiant altar of Vehumet.
  8179 | D:7      | Found a flagged portal.
  8188 | D:7      | Reached skill level 9 in Unarmed Combat
  8389 | D:7      | Found a shimmering blue altar of Sif Muna.
  8673 | D:7      | HP: 15/63 [poisoned by an orc]
  9473 | D:7      | Reached skill level 9 in Armour
  9485 | D:7      | You pick up a book of Changes {forbidden} and begin
                  | reading...
  9485 | D:7      | You add the spells Beastly Appendage, Wereblood and Spider
                  | Form to your library.
  9560 | D:8      | Noticed Prince Ribbit
  9568 | D:8      | Killed Prince Ribbit
  9572 | D:8      | Noticed Psyche
  9587 | D:8      | Reached skill level 10 in Unarmed Combat
  9590 | D:8      | HP: 35/141 [something (4)]
  9591 | D:8      | Killed Psyche
  9592 | D:8      | Reached XP level 10. HP: 38/70 MP: 10/10
 10216 | D:8      | Found Becloug's Magic Scroll Shoppe.
 10440 | D:9      | Noticed Joseph
 10449 | D:9      | Killed Joseph
 10459 | D:9      | Noticed Maurice
 10512 | D:9      | Killed Maurice
 10513 | D:9      | Reached skill level 10 in Armour
 10658 | D:9      | Noticed a two-headed ogre
 10666 | D:9      | Killed a two-headed ogre
 10759 | D:9      | Reached skill level 11 in Unarmed Combat
 10789 | D:9      | HP: 22/105 [steam dragon/ball of steam (23)]
 11347 | D:9      | HP: 16/70 [orc warrior/+0 flail (4)]
 11349 | D:9      | HP: 3/70 [orc warrior/+0 flail (6)]
 11352 | D:9      | Killed from afar by an orc priest

Vanquished Creatures
  A two-headed ogre (D:9)
  Maurice (D:9)
  Joseph (D:9)
  Psyche (D:8)
  A troll (D:9)
  Prince Ribbit (D:8)
  Sigmund (D:4)
  3 yaks (D:9)
  2 steam dragons
  A water moccasin (D:5)
  A black bear (D:6)
  A sky beast (D:5)
  Pargi (D:3)
  5 orc warriors
  2 ogres (D:6)
  A centaur (D:8)
  2 phantoms
  2 kobold brigands
  A bullfrog (D:7)
  2 scorpions (D:7)
  3 necrophages
  12 wights
  5 howler monkeys
  7 crimson imps (D:7)
  2 hounds
  A jelly (D:4)
  10 orc priests
  Ijyb (D:4)
  A gnoll shaman (D:5)
  4 iguanas
  Terence (D:2)
  9 orc wizards
  Natasha (twice) (D:2)
  Robin (D:4)
  8 gnolls
  13 adders
  4 shadow imps
  3 white imps
  An ufetubus (D:6)
  2 worms
  A dart slug (D:4)
  34 orcs
  9 endoplasms
  2 giant cockroaches (D:2)
  18 goblins
  10 hobgoblins
  7 jackals (D:1)
  23 kobolds
  7 quokkas
  7 ball pythons
  2 bats (D:1)
  6 frilled lizards
  9 rats
256 creatures vanquished.

Vanquished Creatures (collateral kills)
  An orc (D:6)
1 creature vanquished.

Vanquished Creatures (others)
  2 orcs
  A kobold (D:8)
  6 plants (D:5)
9 creatures vanquished.

Grand Total: 266 creatures vanquished

Table legend:
 A = Non-vault XP
 B = Vault XP
 C = Vault XP percentage of total XP
 D = Non-vault monster count
 E = Vault monster count
 F = Vault count percentage of total count
                 A         B        C        D         E       F
            +---------+---------+-------+---------+---------+-------
      Total |    6643 |    2807 |  29.7 |     211 |      47 |  18.2
            +---------+---------+-------+---------+---------+-------
        D:1 |      54 |       0 |   0.0 |      30 |       0 |   0.0
        D:2 |      86 |      99 |  53.5 |      28 |      11 |  28.2
        D:3 |     466 |     130 |  21.8 |      28 |       1 |   3.4
        D:4 |     846 |     293 |  25.7 |      40 |       9 |  18.4
        D:5 |     842 |       0 |   0.0 |      20 |       0 |   0.0
        D:6 |     512 |     264 |  34.0 |      15 |       4 |  21.1
        D:7 |     952 |     364 |  27.7 |      17 |       9 |  34.6
        D:8 |     515 |     361 |  41.2 |      15 |       2 |  11.8
        D:9 |    2370 |    1296 |  35.4 |      18 |      11 |  37.9
            +---------+---------+-------+---------+---------+-------

Illustrated notes

Table legend:
 A = Kills in this place as a percentage of kills in entire the game.
 B = Kills by you in this place as a percentage of kills by you in the entire game.
 C = Kills by friends in this place as a percentage of kills by friends in the entire game.
 D = Other kills in this place as a percentage of other kills in the entire game.
 E = Experience gained in this place as a percentage of experience gained in the entire game.
 F = Experience gained in this place divided by the number of levels of this place that you have seen.
                   A       B       C       D       E      F
               +-------+-------+-------+-------+-------+----------------------
         Total | 100.0 | 100.0 | 100.0 | 100.0 | 100.0 | 1050.0
       Dungeon | 100.0 | 100.0 | 100.0 | 100.0 | 100.0 | 1050.0
               +-------+-------+-------+-------+-------+----------------------

Table legend: (Time is in decaauts)
 A = Elapsed time spent in this place.
 B = Non-inter-level travel time spent in this place.
 C = Inter-level travel time spent in this place.
 D = Time resting spent in this place.
 E = Time spent auto-exploring this place.
 F = Levels seen in this place.
 G = Mean time per level.
                   A        B        C        D        E       F      G
               +--------+--------+--------+--------+--------+-----+--------+
         Total |  11626 |  11427 |    199 |   4221 |   5466 |   9 | 1291.8 |
       Dungeon |  11626 |  11427 |    199 |   4221 |   5466 |   9 | 1291.8 |
               +--------+--------+--------+--------+--------+-----+--------+

Top non-repeatable levels by time:
     D:5: 1687 daAuts
     D:4: 1611 daAuts
     D:3: 1588 daAuts
     D:1: 1570 daAuts
     D:7: 1424 daAuts
     D:9: 1098 daAuts
     D:6: 1019 daAuts
     D:2: 887 daAuts
     D:8: 739 daAuts
